 Dungeon Crawl Stone Soup version 0.31-a0-986-g5e6e4ef867 (webtiles) character file.

Game seed: 8314603676860375764

37 LeprechaunX the Changeling (level 3, -2/24 HPs)
             Began as an Octopode Shapeshifter on Nov 20, 2023.
             Slain by a gnoll
             ... wielding a +0 antimagic whip
              (8 damage)
             ... on level 2 of the Dungeon.
             The game lasted 00:00:37 (509 turns).

LeprechaunX the Changeling (Octopode Shapeshifter)   Turns: 509, Time: 00:00:38

Health: -2/24      AC:  1    Str: 13    XL:     3   Next: 39%
Magic:  3/3        EV: 13    Int: 12    God:
Gold:   73         SH:  0    Dex: 13    Spells: 2/2 levels left

rFire   . .          .
                       - Unarmed
rCold   . . .        (no shield)
rNeg    . . .        (helmet currently unavailable)
rPois   .            (no amulet)
rElec   .            (no ring)
rCorr   .            (no ring)
SInv    .            (no ring)
Will    .....        (no ring)
Stlth   ++           (no ring)
HPRegen 0.24/turn    (no ring)
MPRegen 0.08/turn    (no ring)
                     (no ring)

%: no passive effects
@: beast-form
A: beast (slay +2), almost no armour, amphibious, 8 rings, camouflage 1,
gelatinous body 1, (nimble swimmer 1), tentacles
a: Begin Untransformation


You were on level 2 of the Dungeon.
You were a hulking beast.
You visited 1 branch of the dungeon, and saw 2 of its levels.

You collected 73 gold pieces.

Inventory:

Talismans
 b - a beast talisman
 c - a flux talisman
Scrolls
 e - 4 scrolls of identify {unknown}
 f - a scroll of teleportation {unknown}
 g - a scroll of enchant armour {unknown}
Potions
 a - a potion of lignification
 d - a potion of degeneration {unknown}


   Skills:
 + Level 1.7 Fighting
 - Level 2.0 Dodging
 + Level 3.3 Unarmed Combat
 * Level 3.6 Shapeshifting


You had 2 spell levels left.
You didn't know any spells.
Your spell library contained the following spells:

 Spells                   Type           Power      Damage    Failure   Level
 Magic Dart               Conj           0%         1d3       32%         1
 Searing Ray              Conj           0%         2d4       45%         2
 Fulminant Prism          Conj/Hex       0%         3d5       97%         4


Dungeon Overview and Level Annotations

Branches:
Dungeon (2/15)

Altars:


Innate Abilities, Weirdness & Mutations

You are a hulking beast.
Your limbs bulge with bestial killing power. (Slay +2)
You cannot wear most types of armour.
You are amphibious.
You can wear up to eight rings at the same time.
Your skin changes colour to match your surroundings (Stealth+).
Your rubbery body absorbs attacks. (AC +1, EV +1)
((You are camouflaged when in or above water. (Stealth+)))
You have tentacles for arms and can constrict up to eight enemies at once.


Message History

A bat is nearby!
A bat is nearby!
A bat is nearby!
The bat hits you.
A gnoll comes into view. It is wielding a +0 whip.
The bat hits you.
You closely miss the bat.
The gnoll shouts!
Your grab misses the bat.
You hear a shout!
The bat hits you.
A gnoll comes into view. It is wielding a +0 antimagic whip.
The bat closely misses you. The bat barely misses you.
You miss the bat. You grab the bat. You constrict the bat. The bat misses you.
The bat escapes!
The bat barely misses you.
You bludgeon the bat!
You kill the bat!
The gnoll hits you with a +0 whip!
You tentacle-slap the gnoll. Your grab misses the gnoll. You squeeze the gnoll!
The gnoll is severely wounded.
The gnoll hits you with a +0 whip!
* * * LOW HITPOINT WARNING * * *
You are too injured to fight recklessly!
You are too injured to fight recklessly!
You are too injured to fight recklessly!
You are too injured to fight recklessly!
You are too injured to fight recklessly!
There are monsters nearby!
There are monsters nearby!
There are monsters nearby!
There are monsters nearby!
You barely miss the gnoll. You grab the gnoll. You squeeze the gnoll.
You kill the gnoll!
Unknown command.
You tentacle-slap the gnoll. You grab the gnoll. You squeeze the gnoll!
The gnoll is heavily wounded.
You constrict the gnoll, but do no damage.
The gnoll hits you with a +0 antimagic whip!
You die...

#. ....# #.###...#
#.#.....# #####
#...#...# #....
#...#...#### #....
#...##.....######....
#....................
#........#...........
#...h....###.........
#..)g....# #.........
#........# #.........
#........# #..##.....
#........# ##..######
#........# #........
#........# #.##..##.
#........# #........
######.#.


You could see a gnoll.

Vanquished Creatures
  A gnoll (D:2)
  A dart slug (D:1)
  3 endoplasms (D:1)
  3 goblins
  A hobgoblin (D:1)
  3 quokkas
  2 ball pythons (D:1)
  3 bats
  A frilled lizard (D:1)
  2 kobolds (D:1)
  5 rats
25 creatures vanquished.

Notes
Turn   | Place    | Note
-------+----------+-------------------------------------------
     0 | D:1      | LeprechaunX the Octopode Shapeshifter began the quest for
                  | the Orb.
     0 | D:1      | Reached XP level 1. HP: 13/13 MP: 1/1
   111 | D:1      | Reached XP level 2. HP: 14/18 MP: 2/2
   464 | D:2      | Reached XP level 3. HP: 23/23 MP: 3/3
   509 | D:2      | Slain by a gnoll

Illustrated notes

Levels and vault maps discovered:
D:1:      ebering_trefoil_twist, layout_rooms
D:2:      layout_basic

Action                     || total
---------------------------++-------
  Melee: Unarmed           ||    45
         Constrict         ||    12
         Tentacles         ||     6
         Punch             ||     1
   Stab: Sleeping          ||     3
 Armour: Skin              ||    17
  Dodge: Dodged            ||    20

Table legend: (Time is in decaauts)
 A = Elapsed time spent in this place.
 B = Non-inter-level travel time spent in this place.
 C = Inter-level travel time spent in this place.
 D = Time resting spent in this place.
 E = Time spent auto-exploring this place.
 F = Levels seen in this place.
 G = Mean time per level.
                   A        B        C        D        E       F      G
               +--------+--------+--------+--------+--------+-----+--------+
         Total |    506 |    476 |     30 |      0 |    349 |   2 |  253.0 |
       Dungeon |    506 |    476 |     30 |      0 |    349 |   2 |  253.0 |
               +--------+--------+--------+--------+--------+-----+--------+

Top non-repeatable levels by time:
     D:1: 433 daAuts
     D:2: 72 daAuts
